 Dungeon Crawl Stone Soup version 0.31.0-32-g396128a36d (webtiles) character file.

Game seed: 1362768056720136074

20143 Discosetron the Unseen (level 12, -6/74 HPs)
             Began as a Demonspawn Enchanter on Apr 3, 2024.
             Was a Priest of Qazlal.
             Mangled by a merfolk
             ... wielding a +0 trident
              (13 damage)
             ... on level 3 of the Lair of Beasts on Apr 5, 2024.
             The game lasted 00:40:39 (14713 turns).

Discosetron the Unseen (Demonspawn Enchanter)      Turns: 14713, Time: 00:40:40

Health: -6/74      AC: 12    Str: 14    XL:     12   Next: 42%
Magic:  14/19      EV: 17    Int: 17    God:    Qazlal [***...]
Gold:   654        SH:  3    Dex: 18    Spells: 16/21 levels left

rFire   + . .        K - +0 dagger (venom)
rCold   + + .        B - orb {guile}
rNeg    . . .        m - +1 robe {rC+}
rPois   .            N - +1 helmet
rElec   .            y - +1 cloak
rCorr   .            (no gloves)
SInv    .            n - +0 pair of boots
Will    .....        I - amulet of the acrobat
Stlth   +++          E - +6 ring of strength
HPRegen 0.32/turn    d - ring of protection from cold
MPRegen 0.16/turn

%: acrobat
@: agile, about to teleport, very slightly contaminated, very slow
A: molten scales 3, demonic guardian 2, powered by pain 1, demonic touch 1
a: Renounce Religion, Upheaval, Elemental Force


You were on level 3 of the Lair of Beasts.
You worshipped Qazlal.
Qazlal was most pleased with you.
You visited 3 branches of the dungeon, and saw 14 of its levels.
You also visited: Sewer.

You collected 654 gold pieces.

Inventory:

Hand Weapons
 a - a +1 dagger
 K - a +0 dagger of venom (weapon)
 L - a +1 dagger of speed
Missiles
 p - 77 poisoned darts (quivered)
Armour
 l - a +0 animal skin
 m - a +1 robe of cold resistance (worn)
 n - a +0 pair of boots (worn)
 y - a +1 cloak (worn)
 B - an orb of guile (worn)
 N - a +1 helmet (worn)
Jewellery
 d - a ring of protection from cold (right hand)
 z - a +6 ring of intelligence
 E - a +6 ring of strength (left hand)
 I - an amulet of the acrobat (around neck)
 R - a ring of protection from fire
Wands
 w - a wand of quicksilver (15)
 A - a wand of mindburst (17)
 G - a wand of charming (17)
 H - a wand of roots (12)
 J - a wand of polymorph (6)
 M - a wand of digging (5)
Scrolls
 b - a scroll of vulnerability {unknown}
 f - a scroll of silence
 g - 2 scrolls of fog
 j - a scroll of identify
 s - 4 scrolls of teleportation
 t - a scroll of immolation
 x - a scroll of torment
 C - a scroll of amnesia {unknown}
 F - a scroll of revelation {unknown}
 O - a scroll of enchant armour
 P - a scroll of poison {unknown}
 S - a scroll of enchant weapon {unknown}
Potions
 c - a potion of invisibility
 e - 7 potions of curing
 h - 5 potions of might
 i - a potion of cancellation
 k - a potion of resistance
 o - 2 potions of degeneration
 q - 2 potions of brilliance
 r - 3 potions of haste
 u - 2 potions of lignification
 v - a potion of enlightenment
 D - a potion of attraction
 Q - a potion of mutation {unknown}


   Skills:
 - Level 10.0 Short Blades
 - Level 1.7 Dodging
 + Level 16.8 Stealth
 - Level 5.0 Spellcasting
 - Level 5.0 Hexes
 + Level 6.2 Invocations


You had 16 spell levels left.
You knew the following spells:

 Your Spells              Type           Power      Damage    Failure   Level
a - Ensorcelled Hibernat  Hex/Ice        24%        N/A       8%          2
f - Confusing Touch       Hex            21%        N/A       5%          3

Your spell library contained the following spells:

 Spells                   Type           Power      Damage    Failure   Level
 Tukima's Dance           Hex            21%        N/A       5%          3
 Sandblast                Erth           8%         2d5       14%         1
 Dazzling Flash           Conj/Hex       24%        N/A       16%         3
 Hailstorm                Conj/Ice       4%         3d5       38%         3
 Passwall                 Erth           4%         N/A       38%         3
 Swiftness                Air            4%         N/A       38%         3
 Animate Armour           Summ/Erth      8%         N/A       80%         4
 Summon Lightning Spire   Summ/Air       4%         N/A       80%         4
 Vhi's Electric Charge    Tloc/Air       8%         N/A       80%         4
 Arcjolt                  Conj/Air       2%         1d12      98%         5
 Freezing Cloud           Conj/Ice/Air   2%         6-21      98%         5
 Lee's Rapid Deconstruct  Erth           2%         3d4*      98%         5
 Maxwell's Capacitive Co  Air            2%         ∞         100%        8


Dungeon Overview and Level Annotations

Branches:
Dungeon (10/15)            Temple (1/1) D:6            Lair (3/5) D:8
  Sewer (visited)
  Swamp: Lair:2-3    Shoals: Lair:2-3     Snake: Lair:2-3    Spider: Lair:2-3
    Orc: D:9-12

Altars:
Ashenzari
Cheibriados
Dithmenos
Fedhas
Hepliaklqana
Kikubaaqudgha
Makhleb
Nemelex Xobeh
Okawaru
Qazlal
Sif Muna
Trog
Uskayaw
Vehumet
Wu Jian
Xom
Yredelemnul

Shops:
D:7 *   D:9 [?(

Portals:
Abyss: D:7

Annotations:
D:7 2 transporters, MrCrawl's ghost, novice GrEE


Innate Abilities, Weirdness & Mutations

You are completely covered in molten scales. (AC +4, rF+)
A demonic guardian rushes to your aid.
You sometimes gain a little power by taking damage.
Your touch may inflict minor irresistible damage on your foes.


Message History

The bolt of electricity hits the plant!
The bolt of electricity hits you.
The merfolk hits the plant with a +0 trident.
Your unstable footing causes you to fumble your attack.
The merfolk shouts!
A nearby plant withers and dies.
The merfolk closely misses you.
Your unstable footing causes you to fumble your attack.
A merfolk comes into view. It is wielding a +0 trident.
The electric eel shoots out a bolt of lightning at you!
The bolt of electricity hits you!
A demonic guardian appears!
The bolt of electricity hits your hellwing but does no damage.
The merfolk hits you from afar with a +0 trident.
The electric eel shoots out a bolt of lightning at you!
The bolt of electricity misses you.
The bolt of electricity hits your hellwing!
The merfolk hits you but does no damage.
Casting: Ensorcelled Hibernation (safe; 8% risk of failure)
Confirm with . or Enter, or press ? or * to list all spells.
Aiming: Ensorcelled Hibernation (safe; 8% risk of failure)
Press: ? - help, Shift-Dir - straight line, f - electric eel, p - merfolk
Aim: an electric eel (ally target, chance to affect: 63%)
You miscast Ensorcelled Hibernation.
You are very lightly contaminated with residual magic.
Nothing appears to happen.
The merfolk hits you from afar with a +0 trident!
* * * LOW HITPOINT WARNING * * *
Casting: Ensorcelled Hibernation (safe; 8% risk of failure)
Confirm with . or Enter, or press ? or * to list all spells.
Aiming: Ensorcelled Hibernation (safe; 8% risk of failure)
Press: ? - help, Shift-Dir - straight line, f/p - electric eel
Aim: an electric eel (ally target, chance to affect: 63%)
The electric eel resists with significant effort.
The merfolk closely misses you.
The merfolk hits you from afar with a +0 trident!
* * * LOW HITPOINT WARNING * * *
Okay, then.
As you read the scroll of teleportation, it crumbles to dust.
You feel strangely unstable. The merfolk closely misses you.
The merfolk barely misses you.
The merfolk hits you from afar with a +0 trident!
You die...

######### #~mS$m~~# ##
#~~#@#~~# .# ### ####~
#4#~~#
.####.####..####m####.#
.........+..~~~~P~~~~.#
#.#.###..#..####~####.#
##### ###...# #~# #...#
#~# #...# ~$P ##..# ###


You could see 3 merfolk, an electric eel (ally target) and a friendly hellwing
(summoned).

Vanquished Creatures
  Harold (D:10)
  Fannar (Lair:2)
  Amaemon (D:8)
  Pikel (D:7)
  Maurice (D:7)
  2 elephants (Lair:2)
  2 black mambas
  An orange demon (D:8)
  6 cane toads (Lair:1)
  Maggie (Lair:2)
  A rime drake (Lair:2)
  3 komodo dragons
  4 kobold demonologists
  Prince Ribbit (D:5)
  6 blink frogs (Lair:2)
  2 hornets
  18 yaks
  2 wyverns
  A warg (D:10)
  2 steam dragons (D:8)
  2 basilisks
  3 swamp worms (Lair:1)
  5 water moccasins
  2 ice beasts
  3 orc warriors
  5 sky beasts
  A centaur (D:8)
  An ogre (D:5)
  2 phantoms (D:5)
  2 lemures (D:7)
  16 kobold brigands
  9 bullfrogs
  2 scorpions
  8 killer bees (D:9)
  4 howler monkeys
  2 bombardier beetles
  7 hounds
  2 orc priests (D:9)
  Crazy Yiuf (D:4)
  A jelly (D:4)
  2 iguanas (D:4)
  6 orc wizards
  Robin (D:2)
  A river rat (Sewer)
  9 adders
  2 gnolls (D:7)
  A shadow imp (D:6)
  2 white imps
  2 dart slugs (D:4)
  8 ribbon worms
  29 orcs
  5 endoplasms
  3 giant cockroaches
  9 goblins
  5 hobgoblins
  7 jackals (D:1)
  2 quokkas
  15 ball pythons
  9 bats
  3 frilled lizards
  15 kobolds
  9 rats
280 creatures vanquished.

Vanquished Creatures (collateral kills)
  An elephant (Lair:2)
  A water moccasin (Lair:1)
  2 gnolls (D:7)
  An orc (D:7)
  A kobold (D:7)
6 creatures vanquished.

Grand Total: 286 creatures vanquished

Notes
Turn   | Place    | Note
-------+----------+-------------------------------------------
     0 | D:1      | Discosetron the Demonspawn Enchanter began the quest for
                  | the Orb.
     0 | D:1      | Reached XP level 1. HP: 13/13 MP: 3/3
   224 | D:1      | Reached skill level 3 in Stealth
   228 | D:1      | Reached skill level 1 in Short Blades
   237 | D:1      | Gained mutation: You are partially covered in molten
                  | scales. (AC +2) [demonic ancestry]
   237 | D:1      | Reached XP level 2. HP: 19/19 MP: 5/5
   869 | D:2      | Gained mutation: You are mostly covered in molten scales.
                  | (AC +3) [demonic ancestry]
   869 | D:2      | Reached XP level 3. HP: 24/24 MP: 6/6
  1050 | D:2      | Reached skill level 4 in Stealth
  1412 | D:2      | Noticed Robin
  1434 | D:2      | Killed Robin
  1435 | D:2      | Gained mutation: Your touch may inflict minor irresistible
                  | damage on your foes. [demonic ancestry]
  1435 | D:2      | Reached XP level 4. HP: 7/30 MP: 7/7
  2080 | D:3      | Found a glowing drain.
  2084 | Sewer    | Entered a sewer
  2107 | Sewer    | Noticed a kobold brigand
  2117 | Sewer    | Reached XP level 5. HP: 33/35 MP: 8/8
  2345 | Sewer    | Reached XP level 6. HP: 25/41 MP: 9/9
  2707 | Sewer    | Reached skill level 5 in Short Blades
  2858 | Sewer    | Gained mutation: You sometimes gain a little power by
                  | taking damage. [demonic ancestry]
  2858 | Sewer    | Reached XP level 7. HP: 28/46 MP: 10/10
  3003 | Sewer    | Reached skill level 5 in Stealth
  3321 | D:3      | Found an ancient bone altar of Kikubaaqudgha.
  3328 | D:3      | Learned a level 2 spell: Ensorcelled Hibernation
  3332 | D:3      | Learned a level 3 spell: Confusing Touch
  4703 | D:4      | Found a runed translucent door.
  4704 | D:4      | Noticed Crazy Yiuf
  4709 | D:4      | Killed Crazy Yiuf
  4776 | D:5      | Entered Level 5 of the Dungeon
  4786 | D:5      | Reached skill level 11 in Stealth
  4786 | D:5      | Reached XP level 8. HP: 52/52 MP: 11/11
  4870 | D:5      | Gained mutation: A weak demonic guardian rushes to your
                  | aid. [demonic ancestry]
  4870 | D:5      | Reached XP level 9. HP: 57/57 MP: 12/12
  5442 | D:5      | Noticed Prince Ribbit
  5482 | D:5      | Killed Prince Ribbit
  6188 | D:6      | Found a shadowy altar of Dithmenos.
  6531 | D:6      | Found a hazy altar of Hepliaklqana.
  6982 | D:6      | Found a staircase to the Ecumenical Temple.
  6992 | Temple   | Entered the Ecumenical Temple
  7002 | Temple   | Became a worshipper of Qazlal Stormbringer
  7223 | D:7      | Found Toib's Tempting Trifles.
  7354 | D:7      | Reached skill level 12 in Stealth
  7552 | D:7      | Found a blossoming altar of Fedhas.
  7556 | D:7      | Found a basalt altar of Yredelemnul.
  7564 | D:7      | Reached skill level 1 in Invocations
  7575 | D:7      | Noticed Maurice
  7592 | D:7      | Something stole 31 poisoned darts
  7594 | D:7      | Something stole 126 gold
  7599 | D:7      | Something stole 103 gold
  7682 | D:7      | Killed Maurice
  7682 | D:7      | Reached * piety under Qazlal
  7811 | D:7      | Found a transporter.
  7965 | D:7      | Noticed Pikel
  7978 | D:7      | Killed Pikel
  7979 | D:7      | Reached skill level 10 in Short Blades
  7979 | D:7      | Gained mutation: You are completely covered in molten
                  | scales. (AC +4, rF+) [demonic ancestry]
  7979 | D:7      | Reached XP level 10. HP: 28/63 MP: 2/14
  8211 | D:7      | Found a one-way gate to the infinite horrors of the Abyss.
  8215 | D:7      | Noticed MrCrawl's ghost (novice GrEE)
  8217 | D:7      | Noticed a purple ugly thing
  8219 | D:7      | Noticed a hell hog
  8297 | D:7      | Found a transporter.
  8329 | D:7      | Found a snail-covered altar of Cheibriados.
  8330 | D:7      | Found an ornate altar of the Wu Jian Council.
  8825 | D:8      | Noticed an orange demon
  8826 | D:8      | Noticed Amaemon
  8957 | D:8      | Killed Amaemon
  9136 | D:8      | Killed an orange demon
  9602 | D:8      | Found a staircase to the Lair.
  9801 | D:8      | Found Igamedd's Magic Scroll Emporium.
  9939 | D:8      | Noticed a rust devil
  9946 | D:8      | Reached skill level 13 in Stealth
 10075 | D:8      | Reached skill level 5 in Spellcasting
 10147 | D:8      | Found a broken altar of Ashenzari.
 10339 | D:8      | Found a radiant altar of Vehumet.
 10445 | D:8      | Reached ** piety under Qazlal
 10836 | D:9      | Reached XP level 11. HP: 39/68 MP: 14/18
 10968 | D:9      | Found Ewki's Antique Armour Shop.
 11198 | D:9      | Noticed a sixfirhy
 11210 | D:9      | Reached skill level 5 in Invocations
 11318 | D:9      | Found Raffidoi's Magic Scroll Shoppe.
 11398 | D:9      | Found Sig Unig's Weapon Shop.
 11746 | D:10     | Entered Level 10 of the Dungeon
 11749 | D:10     | Noticed Harold
 11767 | D:10     | Killed Harold
 11900 | D:9      | Reached skill level 14 in Stealth
 12012 | Lair:1   | Entered Level 1 of the Lair of Beasts
 12022 | D:8      | HP: 3/68 [poisoned by a cane toad]
 12023 | D:8      | HP: 1/68 [poisoned by a cane toad]
 12240 | Lair:1   | Reached skill level 5 in Hexes
 12287 | Lair:1   | HP: 2/68 [black mamba (7)]
 12558 | Lair:1   | Reached *** piety under Qazlal
 12832 | Lair:1   | Reached skill level 15 in Stealth
 13222 | Lair:1   | Got Boipor's Folio of the Frigid Lithosphere
 13328 | Lair:2   | Gained mutation: A demonic guardian rushes to your aid.
                  | [demonic ancestry]
 13328 | Lair:2   | Reached XP level 12. HP: 51/74 MP: 9/19
 13536 | Lair:2   | Reached skill level 16 in Stealth
 13644 | Lair:2   | HP: 3/74 [black mamba (13)]
 13972 | Lair:2   | Noticed Fannar
 13985 | Lair:2   | Killed Fannar
 14320 | Lair:2   | Noticed Maggie
 14326 | Lair:2   | Killed Maggie
 14713 | Lair:3   | Mangled by a merfolk

Illustrated notes

Levels and vault maps discovered:
D:1:      spicycebolla_green_bress_n_ham, layout_loops_cross
D:2:      layout_loops_ring, uniq_robin
D:3:      layout_basic, lemuel_coloured_pillars_altar,
          mainiacjoe_sewer_entry_somewhere_in_here_2
D:4:      layout_loops_ring, uniq_crazy_yiuf_cottage
D:5:      layout_loops_corners, uniq_prince_ribbit1
D:6:      layout_loops_corners, nicolae_dithmenos_shadow_blocks,
          worldfamousw_hep_ancestral_shrine, minmay_temple_entry_stoned_glass
D:7:      layout_basic, nicolae_overflow_hidden_temple,
          gammafunk_ghost_abyssal_escape, minivault_24, minmay_misc_feat_room,
          minmay_stone_trees_small, nicolae_alphabet_shops, feat_on_display,
          uniq_maurice, uniq_pikel
D:8:      layout_basic, nicolae_overflow_crystal_walls, ashenzari_altar_1,
          david_lair_shrubbed, serial_shops, nicolae_shop_just_a_little_nook,
          hangedman_misty_isle, uniq_amaemon
D:9:      layout_roguey, serial_shops, nicolae_shop_crystal, kennysheep_mini,
          nicolae_shop_getting_attention
D:10:     layout_small_grid, mainiacjoe_overflow_six_doors_small,
          hangedman_ru_absence, erik_orc_3, uniq_nergalle, uniq_harold
Temple:   nicolae_temple_two_arcs
Lair:1:   layout_cave_shapes, worms_lemuel, grunt_megastairs_2
Lair:2:   layout_loops_ring, uniq_maggie, uniq_fannar
Lair:3:   layout_roguey, mainiacjoe_shoals_entry_four_pools,
          nicolae_snake_entry_warm_welcome, infiniplex_staircase_pool

Skill      XL: |  1  2  3  4  5  6  7  8  9 10 11 12 |
---------------+-------------------------------------+-----
Stealth        | 3 4 11 12 13 15 16 | 16.8
Short Blades   | 1 2 3 4 5 9 10 | 10.0
Invocations    | 2 4 5 6 |  6.2
Spellcasting   | 5 |  5.0
Hexes          | 5 |  5.0
Dodging        | |  1.7

Action                     |  1- 3 |  4- 6 |  7- 9 | 10-12 || total
---------------------------+-------+-------+-------+-------++-------
  Melee: Dagger            |   194 |   214 |   204 |   352 ||   964
         Touch             |       |    38 |    19 |       ||    57
         Punch             |       |       |     4 |       ||     4
  Throw: Dart              |       |    18 |       |       ||    18
   Cast: Ensorcelled Hiber |       |       |    55 |   154 ||   209
         Confusing Touch   |       |       |     5 |     5 ||    10
 Invoke: Upheaval          |       |       |       |     7 ||     7
  Evoke: Wand              |       |       |       |     4 ||     4
    Use: Potion            |     1 |     1 |     5 |     9 ||    16
         Scroll            |       |       |     5 |    11 ||    16
   Stab: Sleeping          |    10 |     4 |    45 |    83 ||   142
         Invisible         |     2 |       |     2 |     2 ||     6
         Confused          |       |       |     5 |     8 ||    13
         Distracted        |       |       |       |     2 ||     2
 Armour: Robe              |   114 |     6 |       |    11 ||   131
         Animal skin       |       |    89 |   109 |   275 ||   473
  Dodge: Dodged            |   106 |   121 |    96 |   213 ||   536
